 Dungeon Sprint DCSS version 0.19-a0-1107-gc676ff4 (webtiles) character file.

1250 Kidiri the Covert (level 8, -2/46 HPs)
             Began as a Spriggan Enchanter on Aug 9, 2016.
             Was a Believer of Dithmenos.
             Killed from afar by Josephine (31 damage)
             ... with a ghostly fireball
             ... in the Dungeon (Sprint III: "The Ten Rune Challenge").
             The game lasted 00:07:53 (604 turns).

Kidiri the Covert (Spriggan Enchanter)               Turns: 604, Time: 00:07:53

Health: -2/46      AC:  4    Str:  4    XL:     8   Next: 26%
Magic:  19/22      EV: 24    Int: 18    God:    Dithmenos [**....]
Gold:   35         SH:  0    Dex: 17    Spells: 6 memorised, 12 levels left

rFire  . . .     SeeInvis +     a - +1 dagger
rCold  . . .     Gourm    .     b - +1 robe
rNeg   . . .     Faith    .     (shield restricted)
rPois  .         Spirit   .     (helmet restricted)
rElec  +         Dismiss  .     l - +0 cloak
rCorr  .         Reflect  .     (gloves unavailable)
SustAt .         Harm     .     (boots unavailable)
MR     +....     NoTele   +     (no amulet)
Stlth  ++++++....               (no ring)
                                (no ring)

@: wreathed by umbra, heavily drained, very quick
A: unfitting armour, talons 1, see invisible, herbivore 3, speed 3, robust 1,
electricity resistance, slow metabolism 2, wild magic 2
a: Shadow Step, Renounce Religion


You were in the Dungeon.
You worshipped Dithmenos.
Dithmenos was pleased with you.
You were not hungry.

You visited 1 branch You collected 35 gold pieces.

Inventory:

Hand Weapons
 a - a +1 dagger (weapon)
Armour
 b - a +1 robe (worn)
 l - a +0 cloak (worn)
Scrolls
 j - a scroll of blinking
 k - 4 scrolls of remove curse
 n - a scroll of torment {unknown}
 o - a scroll of recharging {unknown}
 s - a scroll of holy word {unknown}
 t - a scroll of fear {unknown}
Potions
 c - a potion of might
 e - 2 potions of curing
 f - a potion of heal wounds
 g - a potion of haste
 h - 2 potions of magic
 i - 2 potions of berserk rage
 q - 3 potions of cure mutation
 r - 2 potions of flight
 v - a potion of cancellation {unknown}
Books
 m - a book of Power

   Spells                             Type                      Level
   a - Fulminant Prism                Conjuration/Hexes            4
   b - Iskenderun's Mystic Blast      Conjuration                  4
   c - Venom Bolt                     Conjuration/Poison           5
   d - Bolt of Magma                  Conjuration/Fire/Earth       5
   e - Iron Shot                      Conjuration/Earth            6
   f - Orb of Destruction             Conjuration                  7
   g - Spellforged Servitor           Conjuration/Summoning        7
Comestibles
 d - a bread ration
 p - 2 royal jellies
 u - 3 fruits


   Skills:
 + Level 4.2(3.1) Fighting
 + Level 7.4(6.1) Short Blades
 + Level 3.8(2.6) Armour
 + Level 10.0(8.6) Dodging
 + Level 11.1(9.7) Stealth
 * Level 9.4(8.0) Spellcasting
 + Level 3.4(2.2) Conjurations
 + Level 7.3(6.0) Hexes
 + Level 3.9(2.7) Ice Magic
 + Level 3.3(2.1) Invocations


You had 12 spell levels left.
You knew the following spells:

 Your Spells              Type           Power        Failure   Level  Hunger
a - Corona                Hex            #####..      3%          1    None
b - Ensorcelled Hibernat  Hex/Ice        #####.       8%          2    None
c - Confuse               Hex            #####...     8%          3    #......
d - Tukima's Dance        Hex            #####...     8%          3    #......
e - Dazzling Spray        Conj/Hex       #####.       14%         3    #......
f - Apportation           Tloc           ##........   24%         1    None


Dungeon Overview and Level Annotations

Branches:
Dungeon (1/1)

Altars:
Cheibriados
Dithmenos
Elyvilon
Fedhas
Gozag
Hepliaklqana
Kikubaaqudgha
Makhleb
Nemelex Xobeh
Okawaru
Pakellas
Qazlal
Ru
Sif Muna
Trog
Uskayaw
Vehumet
Xom
Yredelemnul
Zin
The Shining One
Jiyva
Lugonu

Annotations:
D Josephine


Innate Abilities, Weirdness & Mutations

You are tiny and cannot use many weapons and most armour.
You have supernaturally acute eyesight. (SInv)
You are a herbivore.
You cover ground extremely quickly.
You need consume almost no food.
You have sharp toenails.
You are robust. (+10% HP)
You are resistant to electric shocks. (rElec)
Your spells are harder to cast, but more powerful.


Message History

Confirm with . or Enter, or press ? or * to list all spells.
Okay, then.
Josephine shouts!
You hit Josephine but do no damage. Josephine barely misses you.
Casting: Ensorcelled Hibernation
Confirm with . or Enter, or press ? or * to list all spells.
Aiming: Dazzling Spray
Press: ? - help, Shift-Dir - straight line, f/p - Josephine
Aim: Josephine, wielding a dagger and wearing a robe (umbra)
The spray of energy hits Josephine.
Josephine is lightly wounded.
Josephine is dazzled.
Josephine hits you with a dagger.
You hit Josephine.
Josephine is lightly wounded.
You hit Josephine.
Josephine is moderately wounded.
Josephine casts a spell at you.
The ghostly flame explodes!
The ghostly fireball engulfs you!
You feel drained.
Ouch! That really hurt!
You die...

.♣ ♣♣.#___#__[#__# ♣♣
♣..#)..#._)#%_#
.♣♣♣..###+#+###+##
♣..♣♣.#..........#
≈.♣♣♣.'.⌠........#
≈≈≈♣♣.#...######'#
≈≈....#.⌠.#__#...#+#####
≈.....#...#__#...#§§§≈≈+
......#+###__#..@#§#§§≈#
......#_.:#__#...@.#@§§#
......#___#__+...#.#§§§
▓▓▓▓▓▓▓▓▓▓▓▓▓▓▓▓▓▓▓▓


You could see Josephine (blind).

Vanquished Creatures
  A deep elf mage (D)
  A shadow (D)
  A spatial vortex (D)
  A necrophage (D)
  A water elemental (D)
  A jelly (D)
  Crazy Yiuf (D)
  A wizard (D)
  Jessica (D)
  A necromancer (D)
  3 humans (D)
  A kobold demonologist (D)
  An ooze (D)
  A rat (D)
16 creatures vanquished.

Vanquished Creatures (others)
  2 draconian scorchers (D)
  Nessos (D)
  A yaktaur (D)
  6 hellions (D)
  3 plants (D)
13 creatures vanquished.

Grand Total: 29 creatures vanquished

Notes
Turn   | Place    | Note
-------+----------+-------------------------------------------
     0 | D        | Kidiri the Spriggan Enchanter began the quest for the Orb.
     0 | D        | Reached XP level 1. HP: 9/9 MP: 5/5
     7 | D        | Reached skill level 5 in Stealth
    17 | D        | Noticed Jessica
    20 | D        | Killed Jessica
    20 | D        | Reached skill level 1 in Fighting
    20 | D        | Reached skill level 1 in Armour
    20 | D        | Reached XP level 2. HP: 14/14 MP: 6/8
    20 | D        | Reached XP level 3. HP: 18/18 MP: 6/9
    28 | D        | Learned a level 2 spell: Ensorcelled Hibernation
    32 | D        | Learned a level 3 spell: Confuse
    36 | D        | Learned a level 3 spell: Dazzling Spray
    72 | D        | Reached skill level 6 in Stealth
    95 | D        | Noticed Crazy Yiuf
    95 | D        | Killed a hellion
   114 | D        | Killed a hellion
   130 | D        | Killed a hellion
   151 | D        | Killed a hellion
   157 | D        | Killed a yaktaur
   219 | D        | Killed Crazy Yiuf
   219 | D        | Reached skill level 5 in Dodging
   219 | D        | Reached skill level 1 in Ice Magic
   219 | D        | Reached XP level 4. HP: 22/22 MP: 7/11
   221 | D        | Killed a hellion
   226 | D        | Killed a hellion
   233 | D        | Killed a white draconian scorcher
   259 | D        | Gained mutation: Your spells are a little harder to cast, but a little more powerful. [potion of mutation]
   259 | D        | Gained mutation: Your spells are harder to cast, but more powerful. [potion of mutation]
   259 | D        | Gained mutation: Your flesh is heat resistant. (rF+) [potion of mutation]
   260 | D        | Lost mutation: Your flesh is heat resistant. (rF+) [potion of mutation]
   260 | D        | Gained mutation: You are resistant to electric shocks. (rElec) [potion of mutation]
   260 | D        | Gained mutation: You have sharp toenails. [potion of mutation]
   261 | D        | Gained mutation: You are robust. (+10% HP) [potion of mutation]
   290 | D        | Learned a level 3 spell: Tukima's Dance
   290 | D        | Killed Nessos
   296 | D        | Killed a white draconian scorcher
   314 | D        | Noticed a water elemental
   316 | D        | Killed a water elemental
   316 | D        | Reached skill level 7 in Stealth
   316 | D        | Reached skill level 5 in Spellcasting
   316 | D        | Reached skill level 1 in Conjurations
   316 | D        | Reached skill level 5 in Hexes
   316 | D        | Reached XP level 5. HP: 28/28 MP: 12/14
   326 | D        | Noticed a shadow
   328 | D        | Killed a shadow
   328 | D        | Reached skill level 5 in Short Blades
   328 | D        | Reached skill level 9 in Stealth
   328 | D        | Reached XP level 6. HP: 35/35 MP: 13/16
   350 | D        | Found an oddly glowing altar of Pakellas.
   350 | D        | Found a stormy altar of Qazlal.
   351 | D        | Found a sacrificial altar of Ru.
   351 | D        | Found a burning altar of Makhleb.
   351 | D        | Found a viscous altar of Jiyva.
   351 | D        | Found a shimmering altar of Xom.
   351 | D        | Found a shadowy altar of Dithmenos.
   351 | D        | Found a sparkling altar of Nemelex Xobeh.
   351 | D        | Found a corrupted altar of Lugonu.
   351 | D        | Found an opulent altar of Gozag.
   351 | D        | Noticed a spatial vortex
   353 | D        | Killed a spatial vortex
   356 | D        | Became a worshipper of Dithmenos the Shadowed
   381 | D        | Found a hide-covered altar of Uskayaw.
   381 | D        | Found a radiant altar of Vehumet.
   382 | D        | Found a deep blue altar of Sif Muna.
   382 | D        | Found an ancient bone altar of Kikubaaqudgha.
   401 | D        | Noticed a hellwing
   404 | D        | Reached skill level 1 in Invocations
   492 | D        | Learned a level 1 spell: Apportation
   504 | D        | Found a glowing silver altar of Zin.
   505 | D        | Found a glowing golden altar of the Shining One.
   505 | D        | Found a white marble altar of Elyvilon.
   505 | D        | Noticed a deep elf mage
   507 | D        | Killed a deep elf mage
   507 | D        | Reached * piety under Dithmenos
   507 | D        | Reached skill level 10 in Stealth
   507 | D        | Reached XP level 7. HP: 40/40 MP: 18/20
   518 | D        | Found an iron altar of Okawaru.
   519 | D        | Found a hazy altar of Hepliaklqana.
   519 | D        | Found a bloodstained altar of Trog.
   519 | D        | Noticed a human
   519 | D        | Noticed a human
   521 | D        | Killed a human
   521 | D        | Reached XP level 8. HP: 46/46 MP: 20/22
   522 | D        | Reached skill level 11 in Stealth
   535 | D        | Found a snail-covered altar of Cheibriados.
   536 | D        | Found a basalt altar of Yredelemnul.
   536 | D        | Found a blossoming altar of Fedhas.
   537 | D        | Reached ** piety under Dithmenos
   538 | D        | Reached skill level 10 in Dodging
   561 | D        | Noticed Josephine
   604 | D        | Killed from afar by Josephine

Vault maps used:
D:        dungeon_sprint_mu

Skill      XL: |  1  2  3  4  5  6  7  8 |
---------------+-------------------------+-----
Short Blades   | 2 3 4 5 7 |  7.4
Stealth        | 5 6 7 9 10 11 | 11.1
Spellcasting   | 4 5 6 8 9 |  9.4
Hexes          | 4 5 6 7 |  7.3
Fighting       | 1 2 3 4 |  4.2
Armour         | 1 2 3 |  3.8
Dodging        | 4 5 6 7 9 10 | 10.0
Ice Magic      | 1 2 3 |  3.9
Conjurations   | 1 2 3 |  3.4
Invocations    | 2 3 |  3.3

Action                   |  1- 3 |  4- 6 |  7- 9 || total
-------------------------+-------+-------+-------++-------
Melee: Dagger            |     6 |    21 |     7 ||    34
       Kick              |       |     2 |       ||     2
 Cast: Ensorcelled Hiber |     6 |       |     1 ||     7
       Dazzling Spray    |       |     3 |     1 ||     4
  Use: Potion            |       |     3 |       ||     3
 Stab: Sleeping          |     6 |     5 |     4 ||    15
Armor: Robe              |     1 |     7 |       ||     8
Dodge: Dodged            |     1 |    46 |     1 ||    48
